 Dungeon Crawl Stone Soup version 0.31.0-32-g396128a36d (webtiles) character file.

Game seed: 11835815067065067591

1211 Tovical the Spear-Bearer (level 8, 0/51 HPs)
             Began as a Tengu Monk on Mar 29, 2024.
             Slain by an acid dragon (6 damage)
             ... on level 6 of the Dungeon.
             The game lasted 00:11:21 (3294 turns).

Tovical the Spear-Bearer (Tengu Monk)               Turns: 3294, Time: 00:11:22

Health: 0/51       AC:  5    Str: 13    XL:     8   Next: 46%
Magic:  9/9        EV: 14    Int: 11    God:
Gold:   167        SH: 13    Dex: 23    Spells: 7/7 levels left

rFire   + + .        a - +1 spear
rCold   + + .        h - +2 kite shield {rC+ rF+}
rNeg    . . .        f - +0 ring mail {rC+}
rPois   .            (helmet restricted)
rElec   .            (no cloak)
rCorr   .            (no gloves)
SInv    .            (boots unavailable)
Will    .....        (no amulet)
Stlth   +            l - +6 ring of dexterity
HPRegen 0.28/turn    (no ring)
MPRegen 0.11/turn

%: acrobat
@: flying
A: beak, talons 3, evasive flight, acrobatic, fire resistance 1, inability to
drink after injury 1
a: no special abilities


You were on level 6 of the Dungeon.
You visited 2 branches of the dungeon, and saw 8 of its levels.

You collected 167 gold pieces.

Inventory:

Hand Weapons
 a - a +1 spear (weapon)
 b - the +8 sling "Losh" {drain, rPois rN+++ Will-}
   (You found it on level 5 of the Dungeon)

   rPois:     It protects you from poison rN+++: It renders you almost immune to
   negative energy.
   Will-:     It decreases your willpower.
Missiles
 i - 11 stones (quivered)
Armour
 d - an orb of light
 f - a +0 ring mail of cold resistance (worn)
 h - a +2 kite shield of resistance (worn)
Jewellery
 l - a +6 ring of dexterity (left hand)
Scrolls
 e - 2 scrolls of fear
 k - a scroll of identify
Potions
 c - a potion of ambrosia
 g - a potion of curing
 j - 2 potions of mutation


   Skills:
 + Level 6.0 Fighting
 * Level 8.8 Polearms
 - Level 3.2 Dodging
 + Level 3.5 Shields


You had 7 spell levels left.
You didn't know any spells.
Your spell library contained the following spells:

 Spells                   Type           Power      Damage    Failure   Level
 Sandblast                Erth           0%         2d4       95%         1
 Passwall                 Erth           0%         N/A       100%        3
 Stone Arrow              Conj/Erth      0%         3d7       100%        3
 Brom's Barrelling Bould  Conj/Erth      0%         2d3       100%        4


Dungeon Overview and Level Annotations

Branches:
Dungeon (7/15)             Temple (1/1) D:6

Altars:
Ashenzari
Dithmenos
Elyvilon
Fedhas
Gozag
Hepliaklqana
Kikubaaqudgha
Makhleb
Nemelex Xobeh
Okawaru
Ru
Sif Muna
Uskayaw
Vehumet
Wu Jian
Xom
Zin
The Shining One

Shops:
D:3 :

Annotations:
D:2 Sigmund
D:5 Dowan, Duvessa


Innate Abilities, Weirdness & Mutations

You have a beak for a mouth.
You have claws for feet.
Your magical flight helps you evade attacks. (EV +4)
You can magically evade attacks while moving or waiting.
Your flesh is heat resistant. (rF+)
You occasionally lose the ability to drink potions when taking damage.


Message History

The acid dragon is moderately wounded.
You hit the acid dragon.
The acid dragon is heavily wounded.
The acid dragon spits acid at you. The splash of acid hits you!
You hit the acid dragon but do no damage.
You claw the acid dragon. Your peck misses the acid dragon.
The acid dragon is heavily wounded.
The acid dragon closely misses you. The acid dragon claws you.
You closely miss the acid dragon. You peck the acid dragon.
The acid dragon is heavily wounded.
You block the acid dragon's attack. x2
You hit the acid dragon but do no damage.
Your kick misses the acid dragon.
You peck the acid dragon, but do no damage.
The acid dragon is heavily wounded.
You block the acid dragon's attack. x2
You hit the acid dragon.
The acid dragon is severely wounded.
You block the acid dragon's attack. x2
You hit the acid dragon. Your kick misses the acid dragon.
The acid dragon is severely wounded.
The acid dragon misses you. The acid dragon completely misses you.
You completely miss the acid dragon. You claw the acid dragon.
The acid dragon is severely wounded.
The acid dragon bites you! The acid dragon closely misses you.
You barely miss the acid dragon.
You claw the acid dragon, but do no damage.
You peck the acid dragon, but do no damage.
The acid dragon is severely wounded.
You hit the acid dragon. Your kick misses the acid dragon.
The acid dragon is severely wounded.
The acid dragon spits acid at you. The splash of acid hits you!!
* * * LOW HITPOINT WARNING * * *
You hear a shout!
You hit the acid dragon but do no damage.
The acid dragon is severely wounded.
The acid dragon bites you.
You die...

#....^.## ##... #.###..## ##....
##..## ##..... #.####..##
##...... ♣.....## ###.......
#.####..### ##........# #.
##...###.......###
#.###..##.......###. ##
#D@..........####.. ##...
#...###.......##...
.....#..##.........##..#
#.#...##......#####..## .....#
#..###.......## ##..### .....##
#..#.......## #...... ......#
###.......>## ##......
......#####.........## ##.......
...................######........


You could see an acid dragon (catching breath).

Vanquished Creatures
  A steam dragon (D:6)
  2 black bears
  2 ice beasts
  A sky beast (D:6)
  An ogre (D:5)
  A scorpion (D:5)
  A jelly (D:5)
  2 bombardier beetles (D:5)
  3 hounds
  An orc priest (D:4)
  A sleepcap (D:6)
  3 iguanas
  An orc wizard (D:4)
  Robin (D:3)
  4 gnolls (D:4)
  An adder (D:2)
  A white imp (D:6)
  An ufetubus (D:6)
  2 dart slugs
  3 orcs (D:4)
  4 ball pythons
  3 bats
  5 endoplasms
  3 giant cockroaches
  5 hobgoblins
  11 jackals
  3 quokkas
  3 frilled lizards
  7 goblins
  5 kobolds
  3 rats
85 creatures vanquished.

Vanquished Creatures (others)
  An ufetubus (D:6)
1 creature vanquished.

Grand Total: 86 creatures vanquished

Notes
Turn   | Place    | Note
-------+----------+-------------------------------------------
     0 | D:1      | Tovical the Tengu Monk began the quest for the Orb.
     0 | D:1      | Reached XP level 1. HP: 14/14 MP: 2/2
   133 | D:2      | Reached XP level 2. HP: 17/19 MP: 3/3
   141 | D:2      | Noticed Sigmund
   165 | D:1      | Reached skill level 4 in Polearms
   179 | D:1      | Found a faded altar of an unknown god.
   216 | D:1      | Reached XP level 3. HP: 23/23 MP: 4/4
   416 | D:3      | Found Xufir's Book Boutique.
   429 | D:3      | Noticed Robin
   441 | D:3      | Killed Robin
   442 | D:3      | Reached XP level 4. HP: 22/29 MP: 5/5
   494 | D:4      | Reached skill level 5 in Polearms
   588 | D:4      | Gained mutation: You occasionally lose the ability to drink
                  | potions when taking damage. [potion of mutation]
   588 | D:4      | Gained mutation: Your flesh is heat resistant. (rF+)
                  | [potion of mutation]
   635 | D:4      | Reached XP level 5. HP: 33/33 MP: 6/6
  1041 | D:4      | Reached skill level 6 in Polearms
  1059 | D:5      | Entered Level 5 of the Dungeon
  1253 | D:4      | Reached XP level 6. HP: 15/39 MP: 7/7
  1521 | D:4      | Noticed a black bear
  1536 | D:4      | Killed a black bear
  1828 | D:5      | Noticed Duvessa
  1828 | D:5      | Noticed Dowan
  1961 | D:5      | Reached skill level 1 in Shields
  2020 | D:5      | Gained mutation: Your magical flight helps you evade
                  | attacks. (EV +4) [Tengu growth]
  2020 | D:5      | Reached XP level 7. HP: 44/44 MP: 8/8
  2021 | D:5      | Identified the +8 sling "Losh" {drain, rPois rN+++ Will-}
  2054 | D:5      | Reached skill level 5 in Fighting
  2054 | D:5      | Reached skill level 7 in Polearms
  2383 | D:5      | Reached skill level 8 in Polearms
  2383 | D:5      | Reached XP level 8. HP: 38/50 MP: 9/9
  2847 | D:6      | Found a staircase to the Ecumenical Temple.
  2854 | Temple   | Entered the Ecumenical Temple
  2997 | D:7      | Noticed a wyvern
  3294 | D:6      | Slain by an acid dragon

Illustrated notes

Levels and vault maps discovered:
D:1:      scummos_arrival_hexagon, layout_basic,
          hellmonk_ecumenical_altar_arch_garden
D:2:      minmay_angry_zag, layout_rooms, serial_forest,
          infiniplex_forest_clump_tiny, infiniplex_forest_straight_1,
          infiniplex_forest_end_2, infiniplex_forest_clump_long,
          infiniplex_forest_lined_corner, infiniplex_forest_lined_corner,
          grunt_decor_arrowhead, dreamdust_princess_corridor,
          minmay_goblin_kobold_house, uniq_sigmund
D:3:      layout_basic, serial_shops, shop, minmay_misc_feat_more_columns,
          uniq_robin, uniq_terence
D:4:      layout_gridville, serial_library_hellmonk_semicircle,
          minmay_misc_feat_enclosed
D:5:      layout_basic, kennysheep_generic_room_6, uniq_duvessa
D:6:      layout_cave_pods, temple_fountains, roderic_lattice_a, kb_rosetta
D:7:      layout_basic, nicolae_overflow_hidden_temple, serial_rivers,
          chequers_serial_rivers_room_b, chequers_serial_rivers_large_b,
          chequers_serial_rivers_micro_b, chequers_serial_rivers_large_a,
          chequers_serial_rivers_room_a, chequers_serial_rivers_marsh,
          enter_bailey_5
Temple:   eino_narrow_crystal_temple

Skill      XL: |  1  2  3  4  5  6  7  8 |
---------------+-------------------------+-----
Polearms       | 4 5 6 8 |  8.8
Fighting       | 4 5 6 |  6.0
Shields        | 1 2 3 |  3.5
Dodging        | |  3.2

Action                     |  1- 3 |  4- 6 |  7- 9 || total
---------------------------+-------+-------+-------++-------
  Melee: Spear             |    79 |   121 |   133 ||   333
         Kick              |    21 |    42 |    45 ||   108
         Peck              |    10 |    21 |    30 ||    61
    Use: Scroll            |       |     7 |     3 ||    10
         Potion            |       |     3 |     1 ||     4
 Armour: Robe              |    16 |    51 |       ||    67
         Ring mail         |       |    20 |    51 ||    71
  Dodge: Dodged            |    28 |    91 |    58 ||   177
  Block: Kite shield       |       |    12 |    62 ||    74
